[Event "*** Titled Tuesday Blitz"]
[Site "Chess.com"]
[Date "2020.04.07"]
[Round "7"]
[White "aquiles88"]
[Black "kleopl"]
[Result "1/2-1/2"]
[WhiteElo "2223"]
[BlackElo "2379"]
[TimeControl "180+1"]
[EndTime "14:20:06 PDT"]
[Termination "Game drawn by repetition"]

1. g3 Nf6 2. Bg2 g6 3. e4 e5 4. Nc3 Bg7 5. Nf3 Nc6 6. d4 exd4 7. Nxd4 O-O 8. Nde2 Re8 9. O-O d6 10. h3 Be6 11. Nf4 Qd7 12. Nxe6 fxe6 13. Re1 Rf8 14. f4 Nh5 15. Qf3 Nd4 16. Qd3 c5 17. Kh2 e5 18. Nd5 Rae8 19. Rf1 b6 20. c3 Ne6 21.
f5 Nc7 22. g4 Nf6 23. Nxf6+ Rxf6 24. g5 Rf7 25. f6 Bf8 26. h4 Qb5 27. Qxb5 Nxb5 28. Bh3 Nc7 29. Rd1 Ne6 30. Be3 h6 31.
Bxe6 Rxe6 32. Kg2 h5 33. a4 Rb7 34. c4 a6 35. Rd3 Kf7 36. Rb3 Re8 37. a5 Reb8 38.
axb6 Rxb6 39. Rxb6 Rxb6 40. Ra2 Ke6 41. Kf2 Rb4 42.
Rxa6 Rxc4 43. Kf3 Rb4 44. Bxc5 Rb3+ 45. Be3 Rxb2 46. Ra8 Kf7 47. Ra7+ Ke6 48. Ra8 Kf7 49. Rd8 Rb3 50. Rd7+ Ke6 51. Rd8 Kf7 52. Ke2 Ra3 53.
Kf2 Rb3 54. Rc8 Ra3 55. Rb8 Rc3 56. Rb7+ Ke6 57. Ke2 Ra3 58. Rb8 Kf7 59. Kf3 Ra1 60.
Bf2 Ra3+ 61. Be3 Ra1 62. Bf2 Rf1 63. Kg2 Ra1 64. Kf3 1/2-1/2

[Event "*** Titled Tuesday Blitz"]
[Site "Chess.com"]
[Date "2020.04.07"]
[Round "7"]
[White "Micki-taryan"]
[Black "severomorskij"]
[Result "1-0"]
[WhiteElo "3086"]
[BlackElo "2857"]
[TimeControl "180+1"]
[EndTime "14:20:08 PDT"]
[Termination "Micki-taryan won on time"]

1. d4 Nf6 2. Nf3 d5 3. c4 e6 4. Nc3 Bb4 5. cxd5 exd5 6. Bf4 O-O 7. e3 c5 8. dxc5 Nc6 9. Bd3 Bxc5 10. O-O d4 11.
exd4 Nxd4 12. h3 Bf5 13. Bxf5 Nxf5 14. Qb3 Qb6 15. Qxb6 Bxb6 16. Rad1 Rfd8 17. Rfe1 Rxd1 18. Rxd1 Rd8 19. Rxd8+ Bxd8 20. g4 Ne7 21. Bg5 Nc6 22. Kf1 h6 23. Be3 Kf8 24. Ke2 Ke7 25. Kd3 Ba5 26.
Nd4 Ne5+ 27. Kc2 Bxc3 28. bxc3 b6 29. Nf5+ Kf8 30. Bd4 Ned7 31. Kd3 h5 32. f3 hxg4 33. hxg4 Ne8 34. Bf2 g6 35. Nd4 Nd6 36. Nc6 a6 37. a4 Ke8 38. Kd4 Nc5 39. Kd5 Ndb7 40. a5 Na4 41. axb6 Nxc3+ 42. Kc4 Nb5 43. Bc5 N5d6+ 44.
Bxd6 Nxd6+ 45. Kd5 Nb7 46. Ne5 a5 47. Kc6 Nd8+ 48.
Kc7 a4 49. Nc4 Ke7 50. f4 f6 51. f5 gxf5 52. gxf5 Ke8 53. b7 Nxb7 54. Kxb7 Kd7 55.
Kb6 a3 56. Nxa3 Kd6 57. Nc4+ Kd5 58. Kc7 Kxc4 59. Kd6 1-0

[Event "*** Titled Tuesday Blitz"]
[Site "Chess.com"]
[Date "2020.04.07"]
[Round "7"]
[White "jaskol95"]
[Black "FMAntonio"]
[Result "0-1"]
[WhiteElo "2386"]
[BlackElo "2555"]
[TimeControl "180+1"]
[EndTime "14:20:08 PDT"]
[Termination "FMAntonio won by resignation"]

1. d4 Nf6 2. Bf4 d6 3. Nc3 Bf5 4. f3 d5 5. g4 Bg6 6. h4 h5 7. g5 Ng8 8. e3 e6 9. Bd3 Ne7 10. Nb5 Na6 11. a3 Bxd3 12. Qxd3 Ng6 13. Bg3 c6 14. Nc3 Bd6 15. Nge2 Qc7 16. Bxd6 Qxd6 17.
O-O-O O-O-O 18. Kb1 e5 19. e4 exd4 20. Qxd4 Kb8 21.
exd5 Qe5 22. Qxe5+ Nxe5 23. f4 Ng4 24. dxc6 bxc6 25.
Rxd8+ Rxd8 26. Rd1 Rxd1+ 27. Nxd1 Nc5 28. f5 Ne4 29. Nf4 Ng3 30. b4 Kc7 31. c4 Kd6 32. Nc3 Ke5 33. g6 fxg6 34. Nxg6+ Kd4 35. Kb2 Nxf5 36.
c5 Nge3 37. Kb3 a6 38. a4 Nf1 39. Ne2+ Kd3 40. Nef4+ Kd4 41. Nxh5 Nd2+ 42. Kc2 Ne4 43. Nhf4 Kc4 44. Ne6 Kxb4 45. Ne5 Nxc5 46. Nxc6+ Kc4 47. Ne5+ Kd5 48. Nxc5 Kxc5 49. Nf3 Kb4 50. Kd3 Nd6 51. Nd4 Kxa4 52. h5 Kb4 53. Ne6 Nf5 54. Ke4 Ng3+ 55. Kd3 Nxh5 56. Kc2 a5 57. Kb2 a4 58. Nd4 g5 59.
Ne2 g4 60. Nd4 g3 61. Nc2+ Kb5 62. Ne3 Nf4 63. Ka3 g2 64. Nxg2 Nxg2 65. Ka2 Nf4 66. Kb2 Nd5 67. Ka1 Kb4 68. Kb2 Nc3 69. Ka1 Nb5 70. Kb2 Nd4 71. Ka1 Ka3 72. Kb1 Nb3 0-1

[Event "*** Titled Tuesday Blitz"]
[Site "Chess.com"]
[Date "2020.04.07"]
[Round "7"]
[White "tamarozi99"]
[Black "isla88"]
[Result "1-0"]
[WhiteElo "1955"]
[BlackElo "2257"]
[TimeControl "180+1"]
[EndTime "14:20:09 PDT"]
[Termination "tamarozi99 won by resignation"]

1. e4 d6 2. d4 g6 3. Nc3 Bg7 4. Nf3 a6 5. a4 Nd7 6. h3 b6 7.
Be3 Bb7 8. Bd3 c5 9. O-O Ngf6 10. d5 O-O 11. Qe2 Ne8 12. Nh2 e6 13. Rab1 exd5 14. Nxd5 Nc7 15. c4 Nxd5 16. exd5 Ne5 17.
f4 Nxd3 18. Qxd3 f5 19. Nf3 h6 20. b3 Qf6 21. Rbe1 Qc3 22. Qxc3 Bxc3 23. Rc1 Bf6 24.
b4 a5 25. b5 Rae8 26. Rce1 Bc3 27. Re2 g5 28. g3 g4 29. hxg4 fxg4 30. Nh4 Kg7 31. Rc1 Rxe3 32. Rxe3 Bd4 33. Kf2 Kf6 34.
Re1 Re8 35. Ng2 Bc8 36. Ke2 Bxe3 37. Nxe3 Bf5 38. Kf2 Re4 39. Nxg4+ Kg6 40. Ne3 Rd4 41.
Nxf5 Kxf5 42. Rc1 Rd2+ 43. Ke3 Ra2 44. Rh1 Rxa4 45. Rxh6 Rxc4 46. Rxd6 a4 47. Rxb6 a3 48.
Ra6 Rc3+ 49. Kd2 Rxg3 50. b6 a2 51. b7 Rg2+ 52. Kc3 Rg3+ 53. Kc4 Rg6 54. Rxa2 Rb6 55. Kxc5 Rxb7 56. Re2 Kxf4 57. d6 Kf5 58. Kc6 Rb1 59.
d7 Rc1+ 60. Kb7 Rb1+ 61. Kc8 Rc1+ 62. Kd8 Kf6 63. Ke8 1-0

[Event "*** Titled Tuesday Blitz"]
[Site "Chess.com"]
[Date "2020.04.07"]
[Round "7"]
[White "TigrVShlyape"]
[Black "enriquetejedor"]
[Result "1-0"]
[WhiteElo "2855"]
[BlackElo "2603"]
[TimeControl "180+1"]
[EndTime "14:20:11 PDT"]
[Termination "TigrVShlyape won by checkmate"]

1. d4 Nf6 2. Nf3 d5 3. Bf4 c5 4. e3 e6 5. c3 Bd6 6. Bb5+ Nc6 7. Bxc6+ bxc6 8. Bxd6 Qxd6 9. Qa4 c4 10. b3 cxb3 11.
axb3 O-O 12. O-O c5 13. Qa3 Nd7 14. Nbd2 Qc7 15. Qa5 Qc6 16. b4 cxd4 17. cxd4 Nb6 18.
Rfc1 Qd6 19. Qc5 Qb8 20. Qc7 Bb7 21. h4 Rc8 22. Qxb8 Raxb8 23. Rc5 Nd7 24. Rxc8+ Bxc8 25. Rxa7 Rxb4 26. Rc7 Rb8 27. Ne5 Nxe5 28. dxe5 Ba6 29.
Nf3 h6 30. Nd4 Rb1+ 31. Kh2 Rb2 32. Kg3 Rb1 33. h5 Rh1 34. Kg4 Bd3 35. f3 Rh2 36. g3 Bf1 37. Rc8+ Kh7 38. Rf8 Bh3+ 39. Kf4 g5+ 40.
hxg6+ Kxg6 41. g4 Rd2 42. Nc6 Kg7 43. Rb8 Rc2 44. Nd4 Rc7 45. Rb1 Rc3 46. Kg3 Bxg4 47. Kxg4 Rxe3 48. f4 Re4 49. Nf3 Ra4 50. Rb7 Rc4 51.
Rd7 Kg6 52. Nh4+ Kg7 53. Ng2 Re4 54. Kf3 Rb4 55. Ne3 Rb3 56. Kf2 Kg6 57. Rd8 Rd3 58. Rg8+ Kh7 59. Rg1 Rd4 60. Kf3 Rd3 61. Ke2 Ra3 62.
Ng4 Kg6 63. Ne3+ Kh7 64. f5 d4 65. Ng4 Kg7 66. Nf6+ Kf8 67. Rg8+ Ke7 68. Re8# 1-0

[Event "*** Titled Tuesday Blitz"]
[Site "Chess.com"]
[Date "2020.04.07"]
[Round "7"]
[White "DejanNestor64"]
[Black "RzayevB"]
[Result "0-1"]
[WhiteElo "2459"]
[BlackElo "2660"]
[TimeControl "180+1"]
[EndTime "14:20:12 PDT"]
[Termination "RzayevB won on time"]

1. d4 Nf6 2. c4 c5 3. d5 e6 4. Nc3 exd5 5. cxd5 d6 6. Nf3 Be7 7. e4 O-O 8. Be2 Na6 9. Nd2 Nc7 10. a4 b6 11. O-O Re8 12. Re1 a6 13. Nc4 Rb8 14.
Bf1 b5 15. axb5 Nxb5 16. Na5 Nd4 17. h3 Bf8 18. Ra2 Rb4 19. Bf4 Qb6 20. Nc4 Qd8 21. Na5 Nd7 22. Nc6 Nxc6 23. dxc6 Ne5 24. c7 Qxc7 25.
Nd5 Qb8 26. Bxe5 Rxe5 27. Nxb4 Qxb4 28. Bxa6 Bxa6 29. Rxa6 Qxb2 30. Ra8 Qb7 31. Qa1 Rxe4 32. Rb1 Qe7 33. Qa5 h6 34. Qd8 f5 35. Qxe7 Rxe7 36. Rbb8 Rf7 37. Rd8 Rf6 38. g3 g5 39.
Kg2 Kg7 40. Ra7+ Rf7 41. Raa8 Be7 42. Re8 Kf6 43. g4 fxg4 44. hxg4 d5 45. Rac8 d4 46. Rc6+ Ke5 47. Rc7 Kd6 48. Ra7 d3 49. Ra6+ Kd5 50. Rb8 c4 51. Ra5+ Kd4 52. Rb7 Kc3 53. Rd7 d2 54.
Rad5 Rf4 55. Rxd2 Rxg4+ 56. Kh3 Rf4 57. Kg2 Bc5 58. Re2 Bd4 59. Rc7 Kd3 60. Re6 c3 61. f3 Rf5 62. Rd6 Rb5 63. Rcd7 Rb2+ 64. Kg3 Rb4 65. Kg4 c2 66. Rc6 Rc4 67. Rxc4 Kxc4 68. Rc7+ Bc5 0-1

[Event "*** Titled Tuesday Blitz"]
[Site "Chess.com"]
[Date "2020.04.07"]
[Round "7"]
[White "levallem"]
[Black "SGchess01"]
[Result "0-1"]
[WhiteElo "2127"]
[BlackElo "2782"]
[TimeControl "180+1"]
[EndTime "14:20:12 PDT"]
[Termination "SGchess01 won on time"]

1. d4 a6 2. c4 b5 3. b3 bxc4 4. bxc4 g6 5. Nf3 Bg7 6. e3 Nf6 7. Nbd2 O-O 8. Bd3 Nc6 9. Rb1 d6 10. O-O Nd7 11. Qa4 Nb6 12. Qxc6 Bd7 13. Qe4 Bf5 14.
Qxa8 Qxa8 15. e4 Bg4 16. h3 Bxf3 17. Nxf3 Nd7 18. Be3 c5 19. d5 Rb8 20. Rxb8+ Qxb8 21. Rb1 Qc7 22. Bd2 h6 23. Kf1 e6 24. g3 exd5 25.
exd5 h5 26. Kg2 Ne5 27. Nxe5 Bxe5 28. a4 Qd7 29. Bc2 h4 30. Rb6 hxg3 31. fxg3 Bd4 32. a5 Qe7 33. Bd3 Be3 34. Bc3 Bd4 35. Bd2 Qe5 36.
Rxa6 Bc3 37. Bxc3 Qxc3 38. Be2 Qe3 39. Bf1 Kg7 40. Rxd6 Qe4+ 41. Kg1 Qe5 42. Rc6 Qxg3+ 43. Kh1 Qe1 44. Kg1 Qxa5 45. d6 Qd2 46. Bg2 f5 47.
Bd5 Qg5+ 48. Kh1 Qd8 49. Rc7+ Kf6 50. Rxc5 Ke5 51. Rc6 g5 52. Kg2 g4 53. hxg4 fxg4 54.
Kg3 Qg5 55. d7 Qf4+ 56. Kg2 Qd2+ 57. Kg3 Qf4+ 58. Kg2 Qd2+ 59. Kg3 Qe1+ 60. Kxg4 Qg1+ 61. Kf3 Qf1+ 62. Ke3 Qh3+ 63. Kd2 Qxd7 64. Kc3 Qd8 65. Re6+ Kf4 66. Re4+ Kf5 67. Kd4 Qa5 68. Kd3 Qa3+ 69. Kd4 Qb2+ 70. Kc5 Qc3 71. Kc6 Qb4 72. Re6 Kf4 73. c5 Qa4+ 74. Kd6 Qb4 75. Rf6+ Ke3 76. Re6+ Kd3 77. Re4 Qb8+ 78. Kd7 Qa7+ 79. Kd6 Qb8+ 80. Kd7 Qf8 0-1

[Event "*** Titled Tuesday Blitz"]
[Site "Chess.com"]
[Date "2020.04.07"]
[Round "7"]
[White "Harry_Rakkel"]
[Black "almaguerjm"]
[Result "1/2-1/2"]
[WhiteElo "2491"]
[BlackElo "2332"]
[TimeControl "180+1"]
[EndTime "14:20:12 PDT"]
[Termination "Game drawn by repetition"]

1. e4 e5 2. Nf3 Nc6 3. Bc4 Nf6 4. Ng5 d5 5. exd5 Na5 6. Bb5+ c6 7. dxc6 bxc6 8. Bd3 h6 9. Ne4 Nd5 10. Nbc3 Be7 11.
Nxd5 cxd5 12. Bb5+ Bd7 13. Bxd7+ Qxd7 14. Ng3 O-O 15. O-O f5 16. Ne2 Bd6 17. d4 e4 18.
Bf4 g5 19. Bxd6 Qxd6 20. f4 Rab8 21. b3 Nc6 22. Qd2 Rb7 23. fxg5 hxg5 24. Qxg5+ Rg7 25. Qf4 Qf6 26. Qe3 Qg6 27. Nf4 Qd6 28. c3 Rff7 29. g3 Rh7 30. Rf2 Qh6 31. Nxd5 Qd6 32. Nf4 Ne7 33. Raf1 Rfg7 34. c4 Qh6 35. Rg2 Qb6 36.
Re1 Rh6 37. d5 Qd6 38. Rf1 Qe5 39. Ne6 Rgh7 40. Qd4 Rxe6 41. Qxe5 Rxe5 42. Rd1 Nc8 43. c5 Rd7 44. Rgd2 e3 45. Re2 Rdxd5 46. Rxd5 Rxd5 47. Rxe3 Rxc5 48. a4 Nd6 49. Kg2 Ne4 50. Rd3 Kf7 51. Rd7+ Ke6 52. Rxa7 Rc2+ 53. Kf3 Ng5+ 54. Ke3 Rxh2 55. b4 Rg2 56. Kf4 Nf7 57. Ra6+ Nd6 58. b5 Re2 59. a5 Re4+ 60. Kf3 Rb4 61. b6 Ke5 62. Ra7 Rb3+ 63. Kg2 Ne4 64. Re7+ Kf6 65.
Rc7 Rxg3+ 66. Kf1 Rb3 67. b7 Nd6 68. a6 Nxb7 69. Rxb7 Ra3 70. a7 Kg5 71. Kf2 Kf4 72. Rb4+ Kg5 73. Rb7 Ra2+ 74. Kf3 Ra3+ 75. Kf2 1/2-1/2

[Event "*** Titled Tuesday Blitz"]
[Site "Chess.com"]
[Date "2020.04.07"]
[Round "7"]
[White "Kobalia"]
[Black "Hangar-18"]
[Result "1-0"]
[WhiteElo "2609"]
[BlackElo "2402"]
[TimeControl "180+1"]
[EndTime "14:20:13 PDT"]
[Termination "Kobalia won by checkmate"]

1. e4 e6 2. d4 c5 3. d5 exd5 4. exd5 d6 5. Nf3 Nf6 6. Bb5+ Bd7 7. Bxd7+ Qxd7 8. O-O Be7 9. c4 O-O 10. Nc3 Na6 11.
Re1 Rfe8 12. h3 Rab8 13. Bf4 Nc7 14. a4 Nh5 15. Bh2 g6 16. g4 Ng7 17. Qd2 a6 18. Qh6 f5 19. Ng5 Bxg5 20. Qxg5 Rxe1+ 21. Rxe1 Re8 22. Rxe8+ Ncxe8 23. a5 Qc7 24. Kg2 Qxa5 25. Qe7 Qb4 26. gxf5 gxf5 27. Bxd6 h5 28. Be5 Qxc4 29. d6 Qe6 30.
Qxe6+ Nxe6 31. d7 N8g7 32. Bf6 Kf7 33. Nd5 b5 34. Kf3 a5 35. d8=Q Nxd8 36. Bxd8 a4 37. Nc3 Ne6 38. Bb6 b4 39. Nxa4 c4 40. Nc5 Ng5+ 41. Kg3 Ke7 42. Ba5 b3 43. Bc3 Kd6 44. h4 Nf7 45. Na4 Kd5 46. Kf4 Nd6 47. f3 Ke6 48. Kg5 Nb5 49. Kxh5 Kd5 50. Kg5 Nxc3 51. Nxc3+ Kd4 52. h5 Kd3 53. h6 Kc2 54. Na4 c3 55. bxc3 Kd3 56. h7 Kc4 57. h8=Q Kb5 58. Qd4 f4 59.
Qb4+ Kc6 60. Qxb3 Kd6 61. Qb6+ Ke5 62. Qd4+ Ke6 63. Nc5+ Ke7 64. Qd7+ Kf8 65. Ne6+ Kg8 66. Qg7# 1-0

[Event "*** Titled Tuesday Blitz"]
[Site "Chess.com"]
[Date "2020.04.07"]
[Round "7"]
[White "Jbd735"]
[Black "W_Amadeus"]
[Result "1/2-1/2"]
[WhiteElo "2472"]
[BlackElo "2721"]
[TimeControl "180+1"]
[EndTime "14:20:15 PDT"]
[Termination "Game drawn by repetition"]

1. d4 Nf6 2. Nf3 d5 3. Bf4 c5 4. c3 Nc6 5. e3 Qb6 6. Qb3 c4 7. Qxb6 axb6 8. Na3 Na7 9. Nc2 Bf5 10. Nb4 e6 11. a3 Nc6 12. Nxc6 bxc6 13. Ne5 Rc8 14. h3 h6 15. g4 Bh7 16. Be2 Nd7 17. Nxd7 Kxd7 18.
Kd2 Ra8 19. Bd1 Be4 20. f3 Bd3 21. Bc2 Bxc2 22. Kxc2 Ra5 23. h4 h5 24. Rag1 g6 25.
Be5 Rh7 26. gxh5 Rxh5 27. Rg5 Rh7 28. h5 Ra8 29. Rh2 Be7 30. Rg1 gxh5 31. Rgh1 f6 32. Bf4 Rah8 33. Kd2 h4 34. Rh3 Rh5 35. Ke2 e5 36.
dxe5 fxe5 37. Bh2 Ke6 38. Kf1 Bf6 39. Rg1 Ra8 40. Rg4 Ra5 41. Bg1 Rb5 42. Rg2 Rb3 43.
Rd2 b5 44. Bf2 c5 45. Ke2 b4 46. axb4 cxb4 47. cxb4 Rxb4 48. Kd1 Rh8 49. Kc1 Rb3 50. Bg1 Rb5 51. Bf2 Rh7 52. Rd1 Rhb7 53. Rd2 c3 54. bxc3 Rb1+ 55. Kc2 R7b2+ 56. Kd3 Rxd2+ 57.
Kxd2 Rb2+ 58. Ke1 Rc2 59. Bxh4 Bxh4+ 60. Rxh4 Rxc3 61. Ke2 Ra3 62. Kd2 Ra2+ 63. Kd3 Ra3+ 64. Kd2 Ra2+ 65. Kd3 Ra3+ 66. Kd2 1/2-1/2

[Event "*** Titled Tuesday Blitz"]
[Site "Chess.com"]
[Date "2020.04.07"]
[Round "7"]
[White "Volodar_Murzin"]
[Black "RD4ever"]
[Result "1-0"]
[WhiteElo "2709"]
[BlackElo "2830"]
[TimeControl "180+1"]
[EndTime "14:20:16 PDT"]
[Termination "Volodar_Murzin won by resignation"]

1. Nf3 d5 2. g3 Nd7 3. d4 Nb6 4. Bg2 Bf5 5. O-O h6 6. Nbd2 e6 7. Re1 Nf6 8. Nf1 Be7 9. a4 a5 10. b3 O-O 11. Ne5 Bb4 12. Bd2 Bd6 13. Rc1 Nbd7 14. Nd3 c5 15. dxc5 Nxc5 16. Nxc5 Bxc5 17. c4 Ba3 18. Ra1 Bc5 19. Ne3 Bg6 20. cxd5 exd5 21. Rc1 Ba3 22. Ra1 Bc5 23. Rc1 Qb6 24. Rf1 Rad8 25.
Qe1 Bxe3 26. Bxe3 d4 27. Bd2 Qxb3 28. Bxa5 b6 29. Qb4 Qxb4 30. Bxb4 Rfe8 31. Rfe1 Nd5 32.
Bd2 Be4 33. Bxe4 Rxe4 34. Rc4 Nf6 35. Kf1 d3 36. Rc6 Rxa4 37. Rxb6 Ra2 38. Be3 d2 39.
Rd1 Ne4 40. Rb3 Rc2 41. Rd3 Re8 42. f3 Nc3 43. R1xd2 Rxd2 44. Bxd2 Nb5 45. e4 Na7 46. Be3 Nc6 47. Kg2 Ne5 48. Rc3 f6 49. Bf2 h5 50.
h3 Nf7 51. Rc4 g6 52. Rd4 Re6 53. f4 Kf8 54. Kf3 Ke8 55. Be3 Rd6 56. Rc4 Kd7 57. Ra4 Rc6 58. Ra7+ Rc7 59. Ra6 Rc6 60. Ra7+ Rc7 61.
Ra5 Nd6 62. g4 hxg4+ 63. hxg4 Rc3 64. Rd5 Ke6 65. f5+ gxf5 66. gxf5+ Ke7 67. Kf4 Rc4 68.
Bc5 Rxe4+ 69. Kf3 Ra4 70. Bxd6+ Kf7 71. Bf4 Ra3+ 72. Be3 Ra7 73. Bxa7 1-0

[Event "*** Titled Tuesday Blitz"]
[Site "Chess.com"]
[Date "2020.04.07"]
[Round "7"]
[White "Fianchettoed-Tower"]
[Black "kungmongmanh"]
[Result "1-0"]
[WhiteElo "2388"]
[BlackElo "2525"]
[TimeControl "180+1"]
[EndTime "14:20:17 PDT"]
[Termination "Fianchettoed-Tower won by checkmate"]

1. e4 e6 2. d4 d5 3. e5 c5 4. c3 Nc6 5. Nf3 Bd7 6. Bd3 Qb6 7. O-O cxd4 8. Re1 dxc3 9. Nxc3 a6 10. h4 Bc5 11. Qe2 Nd4 12. Nxd4 Bxd4 13. Qf3 Ne7 14. h5 h6 15. Qg3 Kf8 16. Rb1 Rc8 17. Ne2 Bc5 18.
b4 Bd4 19. Qf4 Bc3 20. Rf1 Qc7 21. Nxc3 Qxc3 22. Bg6 Be8 23. Be3 Qc4 24. Qf3 Qxa2 25. Bc5 Rc7 26. Bd6 Rd7 27. Rbc1 Kg8 28. Bd3 Nc6 29.
b5 axb5 30. Bxb5 Rd8 31. Ra1 Qb2 32. Rfb1 Qd4 33. Re1 Qb2 34. Rab1 Qd4 35. Bd3 Rd7 36. Bc2 Qd2 37. Re2 Qd4 38. Rd1 Qb6 39. Rb1 Qd4 40.
Re3 Qd2 41. Ba4 Qa2 42. Qd1 Rd8 43. Ra3 Qc4 44. Bb5 Qe4 45. Ra4 Qf5 46. g4 Qg5 47. f4 Qh4 48. Qf3 Bd7 49. Bc5 Rc8 50. Bf2 Qe7 51. Qg3 Nd8 52. Bxd7 Qxd7 53. Rd4 Rc4 54. Rf1 Rxd4 55. Bxd4 Kh7 56. f5 Nc6 57. Qd3 Nxd4 58.
Qxd4 Rc8 59. f6 g6 60. Qd3 Rc4 61. hxg6+ fxg6 62. f7 Rxg4+ 63. Kh2 Qe7 64. Qh3 Rh4 65.
f8=Q Rxh3+ 66. Kxh3 Qg5 67. Rf7# 1-0

[Event "*** Titled Tuesday Blitz"]
[Site "Chess.com"]
[Date "2020.04.07"]
[Round "7"]
[White "Obito24"]
[Black "IMRosen"]
[Result "1-0"]
[WhiteElo "2741"]
[BlackElo "2461"]
[TimeControl "180+1"]
[EndTime "14:20:20 PDT"]
[Termination "Obito24 won by resignation"]

1. d4 d5 2. c4 e6 3. Nc3 Nf6 4. Nf3 Be7 5. Bf4 O-O 6. e3 b6 7. Rc1 Bb7 8. cxd5 Nxd5 9. Nxd5 Qxd5 10. Bc4 Qa5+ 11. Ke2 c5 12. dxc5 Bxc5 13. a3 Be7 14. Qb3 Qh5 15. h3 Bxf3+ 16. gxf3 Nd7 17. Bxe6 Nc5 18. Qd5 Qh4 19. Bf5 Rad8 20. Qc4 Rfe8 21. Bc7 Qf6 22. Bxd8 Rxd8 23. Bb1 Qxb2+ 24. Rc2 Qxa3 25.
Rd1 Rc8 26. Rcd2 g6 27. Ba2 Rf8 28. f4 Qa6 29. Qxa6 Nxa6 30. Rd7 Bc5 31. Rxa7 Nb4 32.
Bc4 Nc6 33. Rc7 Na5 34. Ba2 Kg7 35. Rdd7 Kh6 36. Rxf7 Rxf7 37. Rxf7 Nc6 38. Rc7 Nb4 39. Bg8 g5 40. Rxh7+ Kg6 41. fxg5 Kxg5 42. Rc7 Na6 43. f4+ Kf6 44. Ra7 Nb4 45. Rb7 Kf5 46. Bh7+ Kf6 47. e4 Nc6 48. e5+ Ke6 49. Bg8+ Kf5 50. Rf7+ Ke4 51.
Bh7+ Kd4 52. Kf3 Kd5 53. Kg4 b5 54. Rd7+ Kc4 55. Bg8+ Kc3 56. Rc7 Nd4 57. Rxc5+ Kb4 58. Rc8 Ka3 59. f5 b4 60. f6 b3 61. Bxb3 Nxb3 62. f7 Kb2 63. f8=Q Ka2 64. Ra8+ Kb2 65. Rb8 Kc2 66. Rxb3 Kc1 67. Qc5+ 1-0

[Event "*** Titled Tuesday Blitz"]
[Site "Chess.com"]
[Date "2020.04.07"]
[Round "7"]
[White "DishonorOnYourCow"]
[Black "hongnhung1234"]
[Result "1-0"]
[WhiteElo "2335"]
[BlackElo "2166"]
[TimeControl "180+1"]
[EndTime "14:20:21 PDT"]
[Termination "DishonorOnYourCow won by checkmate"]

1. d4 f5 2. c4 Nf6 3. g3 g6 4. Bg2 Bg7 5. Nh3 O-O 6. O-O d6 7. d5 c6 8. Nc3 e5 9. dxe6 Bxe6 10. Qb3 b5 11. Nxb5 cxb5 12. Bxa8 Bxc4 13. Qd1 Re8 14.
Bf3 h6 15. Bf4 Ne4 16. Bxe4 Rxe4 17. Qxd6 Qxd6 18. Bxd6 Nc6 19. Rfe1 Bxb2 20. Rab1 Bc3 21. Rec1 Ba5 22. e3 Re6 23. Ba3 a6 24. Nf4 Rf6 25.
Bb2 Rd6 26. a4 g5 27. axb5 axb5 28. Nh5 Kf7 29. Rd1 Rxd1+ 30. Rxd1 Be2 31. Rd6 Bxh5 32. Rxc6 Be2 33. Rxh6 Bd8 34. Rh7+ Ke6 35. Rh8 Be7 36. Rb8 b4 37. f4 gxf4 38. gxf4 Kd5 39. Kf2 Bd3 40. Ke1 Kc4 41. Kd2 Be4 42. Re8 Bc5 43. h4 Kb3 44. Bf6 Ka2 45. h5 b3 46. h6 Bb4+ 47. Ke2 b2 48. Bxb2 Kxb2 49. h7 Bc3 50.
Rb8+ Ka3 51. h8=Q Bxh8 52. Rxh8 Kb4 53. Rc8 Kb5 54. Kd2 Kb4 55. Ke2 Kb5 56. Kf2 Kb4 57.
Kg3 Kb3 58. Kh4 Kb4 59. Kg5 Ka5 60. Rf8 Kb6 61. Rxf5 Kc6 62. Re5 Bd3 63. Kf6 Bc4 64.
f5 Kd6 65. Re4 Ba2 66. Rd4+ Kc7 67. Ke7 Bb3 68. f6 Kc6 69. Re4 Bd5 70. Re6+ Kc5 71. f7 Kc4 72. f8=Q Kd3 73. Rd6 Ke4 74. Qf4+ Kd3 75. Rxd5+ Ke2 76. Qc4+ Ke1 77. Qa2 Kf1 78. Rd1# 1-0

[Event "*** Titled Tuesday Blitz"]
[Site "Chess.com"]
[Date "2020.04.07"]
[Round "7"]
[White "Misi_95"]
[Black "vladimirdamjanovic"]
[Result "0-1"]
[WhiteElo "2687"]
[BlackElo "2538"]
[TimeControl "180+1"]
[EndTime "14:20:25 PDT"]
[Termination "vladimirdamjanovic won by resignation"]

1. e4 c6 2. Nc3 d5 3. Nf3 dxe4 4. Nxe4 Nf6 5. Qe2 Nxe4 6. Qxe4 Qa5 7. Bc4 Bf5 8. Qf4 e6 9. O-O Be7 10. d3 O-O 11. Bd2 Qd8 12. Bc3 Nd7 13. a4 Nf6 14.
a5 a6 15. Rfe1 Nd5 16. Bxd5 cxd5 17. Qg3 Bf6 18. Bxf6 Qxf6 19. Ne5 Rfd8 20. Ra4 Rac8 21. c3 d4 22. Rxd4 Rxd4 23. cxd4 Qd8 24. Qf4 Qxa5 25. Rc1 Qd8 26. Rxc8 Qxc8 27. g4 Bg6 28. h4 f6 29. Nxg6 hxg6 30. Qe4 Qc1+ 31. Kg2 Qc6 32. Qxc6 bxc6 33. Kf3 Kf7 34. Ke4 Ke7 35. f4 Kd6 36. b4 f5+ 37. gxf5 gxf5+ 38. Ke3 g6 39. Kd2 Kc7 40.
Kc3 Kb7 41. Kb3 Ka7 42. Kc3 Kb6 43. Kc4 Kb7 44. Kc5 Kc7 45. Kc4 Kb6 46. Kc3 Kb5 47. Kb3 Kb6 48. Kc4 Kb7 49. Kc5 Kc7 50. d5 exd5 51. d4 Kb7 52. Kd6 Kb6 53. Ke6 Kb5 54. Kf6 Kxb4 55. Kxg6 a5 56. h5 a4 57. h6 a3 58. h7 a2 59. h8=Q a1=Q 60. Kxf5 Kc4 61. Qe5 Qxd4 62. Ke6 Qxe5+ 63. Kxe5 d4 64. f5 d3 65. f6 d2 66. f7 d1=Q 67. f8=Q Qd4+ 68. Ke6 Qd5+ 69. Kf6 Qf3+ 0-1

[Event "*** Titled Tuesday Blitz"]
[Site "Chess.com"]
[Date "2020.04.07"]
[Round "7"]
[White "MaxVavulin"]
[Black "Playgood28"]
[Result "1-0"]
[WhiteElo "2423"]
[BlackElo "2239"]
[TimeControl "180+1"]
[EndTime "14:20:27 PDT"]
[Termination "MaxVavulin won on time"]

1. e4 e5 2. Nf3 d6 3. d4 exd4 4. Nxd4 Nf6 5. Nc3 Be7 6. Bf4 O-O 7. Qd2 a6 8. O-O-O b5 9. f3 c5 10. Nf5 Bxf5 11. exf5 Nc6 12. g4 Nd4 13. Bg2 b4 14.
Ne2 Nd5 15. Nxd4 cxd4 16. Kb1 Nc3+ 17. Ka1 Nxd1 18. Rxd1 Bf6 19. Bg3 h6 20. f4 Rc8 21.
Qf2 Qa5 22. Rd3 Rfe8 23. Kb1 Qc5 24. Qd2 Re3 25. Bf1 a5 26. Bf2 Rxd3 27. Bxd3 Qd5 28. Qd1 Qg2 29. Bg3 Re8 30. b3 Bh4 31. Bf1 Bxg3 32.
Bxg2 Re1 33. Qxe1 Bxe1 34. Kc1 Bf2 35. Kd2 Kf8 36. Kd3 Ke7 37. Kc4 Be3 38. Kb5 Bxf4 39. h3 Bd2 40. Kxa5 Bc3 41. Ka4 Kd7 42. a3 bxa3 43.
Kxa3 Kc7 44. Bd5 f6 45. b4 d3 46. cxd3 Kb6 47. Kb3 Bd4 48. Kc4 Be5 49. Bf7 Bb2 50. Be8 Be5 51. Kd5 Kc7 52. Ke6 Bc3 53. b5 Be5 54.
Bc6 Kb6 55. Kf7 Kc5 56. Kxg7 Kd4 57. Be4 Kc5 58. Bc6 Kd4 59. b6 Kxd3 60. b7 d5 61.
Bxd5 Ke3 62. Kxh6 Kf4 63. Kg6 Kg3 64. g5 1-0

[Event "*** Titled Tuesday Blitz"]
[Site "Chess.com"]
[Date "2020.04.07"]
[Round "7"]
[White "ajian"]
[Black "albi1999"]
[Result "1/2-1/2"]
[WhiteElo "2407"]
[BlackElo "2578"]
[TimeControl "180+1"]
[EndTime "14:20:31 PDT"]
[Termination "Game drawn - insufficient material"]

1. d4 d5 2. c4 e6 3. Nc3 Bb4 4. e3 Nf6 5. Bd3 O-O 6. Qc2 c5 7. dxc5 Nbd7 8. a3 Bxc3+ 9. bxc3 Nxc5 10. Nf3 Nxd3+ 11. Qxd3 dxc4 12. Qxc4 b6 13. O-O Bb7 14. Qe2 Qc7 15. c4 Ng4 16. g3 Qc6 17. e4 Qxe4 18.
Qxe4 Bxe4 19. Nd2 Bb7 20. Bb2 Rfd8 21. Rfd1 Rd3 22. Nf1 Rad8 23. Rxd3 Rxd3 24. a4 Rb3 25. Bd4 Rb4 26. Nd2 Bc6 27. a5 Ra4 28. Rxa4 Bxa4 29. axb6 axb6 30. Bxb6 Ne5 31. c5 Kf8 32. Bc7 Nd3 33.
Bd6+ Ke8 34. f4 Kd7 35. Nc4 Kc6 36. Ne5+ Nxe5 37. Bxe5 f6 38. Bd6 Kd5 39. Kf2 Ke4 40. h4 h6 41. Bf8 g5 42. Bxh6 gxh4 43. gxh4 Bc6 44. Bg7 Kf5 45. h5 e5 46. fxe5 fxe5 47. h6 Kg6 48. Ke3 e4 49. Bf8 Kh7 50. Kf4 Ba8 51.
Bg7 Bb7 52. Ke3 Ba8 53. Kd4 Kg6 54. Ke5 e3 55. Kd6 e2 56. Bc3 Kxh6 57. Kc7 Kg5 58. Kb8 Be4 59. Be1 Kg4 60. Kc7 Kf3 61. c6 Kg2 62. Kd7 Bxc6+ 63. Kxc6 Kf1 64. Bb4 e1=Q 65.
Bxe1 1/2-1/2

[Event "*** Titled Tuesday Blitz"]
[Site "Chess.com"]
[Date "2020.04.07"]
[Round "7"]
[White "hermionegrangermagic"]
[Black "Kaua18"]
[Result "1-0"]
[WhiteElo "2476"]
[BlackElo "2186"]
[TimeControl "180+1"]
[EndTime "14:20:31 PDT"]
[Termination "hermionegrangermagic won by checkmate"]

1. e4 c5 2. Nf3 Nc6 3. d4 cxd4 4. Nxd4 Nf6 5. Nc3 e5 6. Ndb5 d6 7. Bg5 a6 8. Na3 b5 9. Bxf6 gxf6 10. Nd5 Bg7 11. c3 f5 12. Bd3 Ne7 13. Nxe7 Qxe7 14. Nc2 Bb7 15. Qe2 fxe4 16. Bxe4 d5 17. Bf5 Qg5 18. Bh3 O-O 19. O-O f5 20. f4 Qg6 21.
fxe5 Rae8 22. Rae1 Bxe5 23. Qf3 Qd6 24. Bxf5 Bxh2+ 25. Kh1 Bg3 26. Rxe8 Rxe8 27. Bxh7+ Kh8 28. Qh5 Qe5 29.
Bf5+ Kg7 30. Qg6+ Kf8 31. Be6+ Ke7 32. Rf7+ Kd6 33. Bd7+ Kc7 34. Bxe8+ Kb8 35. Rxb7+ Kxb7 36. Bc6+ Kb8 37. Qe8+ Kc7 38. Qxe5+ Kb6 39. Bxd5 Bxe5 40. g4 Kc5 41. Bf3 Bf4 42. Kg2 Bc1 43. b3 Bb2 44.
b4+ Kc4 45. Be2+ Kxc3 46. Ne3 Kd2 47. Kf3 Bc3 48. Nf1+ Ke1 49. Ng3 Bxb4 50. Ne4 Bf8 51. g5 b4 52. Bxa6 Kd1 53. Bc4 Kc2 54. Bb3+ Kd3 55. Kf4 Kd4 56. Kf5 Bg7 57. Nf6 Kc5 58. Nh5 Bc3 59. g6 Bh8 60. g7 Bxg7 61. Nxg7 Kd4 62.
Ke6 Kc3 63. Kd6 Kb2 64. Kc5 Kc3 65. Kb5 Kd4 66. Kxb4 Ke5 67. Kb5 Kd6 68. a4 Kc7 69. a5 Kb8 70. Kb6 Ka8 71. a6 Kb8 72. Be6 Ka8 73.
Nf5 Kb8 74. a7+ Ka8 75. Bd5# 1-0